 Dungeon Crawl Stone Soup version 0.27.1-1-g398f81649c (webtiles) character file.

Game seed: 4987174437890157514

30 Descartes the Ducker (level 3, -2/16 HPs)
             Began as a Spriggan Wanderer on Sept 15, 2021.
             Killed from afar by Natasha (8 damage)
             ... with a magic dart
             ... on level 1 of the Dungeon.
             The game lasted 00:03:01 (1623 turns).

Descartes the Ducker (Spriggan Wanderer)            Turns: 1623, Time: 00:03:03

Health: -2/16      AC:  2    Str:  9    XL:     3   Next: 3%
Magic:  6/9        EV: 18    Int: 15    God:
Gold:   18         SH:  0    Dex: 12    Spells: 9/10 levels left

rFire    + . .     SeeInvis +   a - +0 dagger
rCold    x . .     Faith    .   (shield restricted)
rNeg     . . .     Spirit   .   b - +0 robe
rPois    .         Reflect  .   (helmet restricted)
rElec    .         Harm     .   (no cloak)
rCorr    .         Rampage  .   (gloves unavailable)
Will     .....                  (boots unavailable)
Stlth    ++........             (no amulet)
HPRegen  0.05/turn              d - ring of fire
MPRegen  0.11/turn              (no ring)

@: very quick
A: very small, no large weapons, unfitting armour, see invisible, speed 3
a: no special abilities


You were on level 1 of the Dungeon.
You visited 1 branch of the dungeon, and saw 2 of its levels.

You collected 18 gold pieces.

Inventory:

Hand Weapons
 a - a +0 dagger (weapon)
Missiles
 f - 11 poisoned darts (quivered)
 g - 65 stones
Armour
 b - a +0 robe (worn)
Jewellery
 d - a ring of fire (left hand)
Scrolls
 c - a scroll of teleportation
 i - a scroll of identify {unknown}
Potions
 e - 2 potions of attraction {unknown}
 h - a potion of degeneration {unknown}


   Skills:
 + Level 1.3 Short Blades
 + Level 4.4 Dodging
 + Level 2.6 Stealth
 - Level 4.0 Spellcasting
 + Level 2.0 Fire Magic
 - Level 1.3 Evocations


You had 9 spell levels left.
You knew the following spells:

 Your Spells              Type           Power      Damage    Failure   Level
a - Foxfire               Conj/Fire      36%        2x1d5     12%         1

Your spell library contained the following spells:

 Spells                   Type           Power      Damage    Failure   Level
 Apportation              Tloc           6%         N/A       19%         1
 Conjure Flame            Conj/Fire      9%         6-21      34%         3
 Inner Flame              Hex/Fire       9%         N/A       34%         3
 Teleport Other           Tloc           3%         N/A       47%         3
 Sticky Flame             Conj/Fire      9%         2d3       75%         4
 Fireball                 Conj/Fire      4%         3d4       97%         5


Dungeon Overview and Level Annotations

Branches:
Dungeon (2/15)

Altars:

Annotations:
D:1 Natasha


Innate Abilities, Weirdness & Mutations

You are very small and have problems with some larger weapons.
You are too small for most types of armour.
You have supernaturally acute eyesight. (SInv)
You cover ground extremely quickly. (Speed+++)


Message History

There is a stone staircase leading up here.
There is a stone staircase leading up here.
Natasha, Servant of Life and Death comes into view.
Natasha hisses angrily.
Casting: Foxfire (safe; 12% risk of failure)
Confirm with . or Enter, or press ? or * to list all spells.
You feel a surge of power!
You conjure some foxfire!
Natasha claws you.
The foxfire hits Natasha.
Natasha is lightly wounded.
Natasha misses you.
Casting: Foxfire (safe; 12% risk of failure)
Confirm with . or Enter, or press ? or * to list all spells.
You feel a surge of power!
You conjure some foxfire!
Natasha claws you!
The foxfire hits Natasha.
Natasha is moderately wounded.
Natasha barely misses you.
Casting: Foxfire (safe; 12% risk of failure)
Confirm with . or Enter, or press ? or * to list all spells.
You feel a surge of power!
You conjure some foxfire!
Natasha closely misses you.
The foxfire hits Natasha.
Natasha is moderately wounded.
Natasha claws you.
There is a stone staircase leading up here.
Natasha casts a spell.
You climb upwards.
The crimson imp disappears in a puff of smoke!
There is a stone staircase leading down here.
Casting: Foxfire (safe; 12% risk of failure)
Confirm with . or Enter, or press ? or * to list all spells.
You feel a surge of power!
You conjure some foxfire!
Natasha closely misses you.
The foxfire hits Natasha but does no damage.
Natasha is moderately wounded.
The foxfire hits Natasha.
Natasha is moderately wounded.
Natasha casts a spell at you. The magic dart hits you!
Ouch! That really hurt!
You die...

####..........^########.##.####
..##.........#..#.....#.......#
#.##.........#..#.###.#..#.##.#
#.##............)........#.##.#
#.##..........#....##.#.##.#..#
#.#####...###.#....##...##.#.##
#.# #...# #.#..#)#######.#.#
'.# #...# #.#ยง.#...........#
### #...# #.#.@#...........# #
#...###.#h##.####......# #
#.......#.##.#....###.## #
#.......#)##.#.######.# #
#.......#.##.#........#
########......#.#..#......###
......####......#.###.###.#
......# #............###.#
......# #........####....#


You could see Natasha.

Vanquished Creatures
  A gnoll (D:1)
  A ball python (D:1)
  An endoplasm (D:1)
  A giant cockroach (D:1)
  2 goblins (D:1)
  3 jackals
  A quokka (D:1)
  A bat (D:1)
  2 frilled lizards (D:1)
  4 kobolds (D:1)
  2 rats (D:1)
19 creatures vanquished.

Vanquished Creatures (others)
  66 foxfires
  2 plants (D:1)
68 creatures vanquished.

Grand Total: 87 creatures vanquished

Notes
Turn   | Place    | Note
-------+----------+-------------------------------------------
     0 | D:1      | Descartes the Spriggan Wanderer began the quest for the
                  | Orb.
     0 | D:1      | Descartes set off with the following items: a +0 dagger, a
                  | +0 robe, a scroll of teleportation; and the following
                  | spells available to memorise: Foxfire, Apportation, Conjure
                  | Flame, Inner Flame, Teleport Other, Sticky Flame, Fireball
     0 | D:1      | Reached XP level 1. HP: 9/9 MP: 6/6
    64 | D:1      | Learned a level 1 spell: Foxfire
   436 | D:1      | Reached XP level 2. HP: 13/13 MP: 6/8
   723 | D:1      | Found a faded altar of an unknown god.
  1007 | D:1      | Reached skill level 1 in Short Blades
  1274 | D:2      | Reached XP level 3. HP: 16/16 MP: 3/9
  1609 | D:2      | Noticed Natasha
  1623 | D:1      | Killed from afar by Natasha

Illustrated notes

Levels and vault maps discovered:
D:1:      kennysheep_arrival_seaside, layout_basic,
          shapermc_ecumenical_altar_mp_ritualfount
D:2:      layout_loops_ring, kennysheep_generic_room_5, uniq_crazy_yiuf_cottage,
          uniq_sigmund, uniq_natasha

Skill      XL: |  1  2 |
---------------+-------+-----
Stealth        | 2 |  2.6
Short Blades   | 1 |  1.3
Fire Magic     | 2 |  2.0
Dodging        | |  4.4
Spellcasting   | |  4.0
Evocations     | |  1.3

Action                   || total
-------------------------++-------
 Cast: Foxfire           ||    44
Armor: Robe              ||     2
Dodge: Dodged            ||    22
